 Dungeon Crawl Stone Soup version 0.30-a0-793-g160f7cfddd (webtiles) character file.

Game seed: 11430927957796461995

14 Mickster the Slasher (level 2, -3/24 HPs)
             Began as a Human Monk on Feb 19, 2023.
             Shot with a bolt by a kobold (9 damage)
             ... on level 1 of the Dungeon.
             The game lasted 00:03:50 (256 turns).

Mickster the Slasher (Human Monk)                    Turns: 256, Time: 00:03:50

Health: -3/24      AC:  2    Str: 11    XL:     2   Next: 60%
Magic:  2/2        EV: 13    Int: 10    God:
Gold:   12         SH:  0    Dex: 15    Spells: 1/1 levels left

rFire   . . .      SeeInvis .    i - +5 dagger
rCold   . . .      Faith    .    (no shield)
rNeg    . . .      Spirit   .    b - +0 robe
rPois   .          Reflect  .    (no helmet)
rElec   .          Harm     .    (no cloak)
rCorr   .          Rampage  .    (no gloves)
Will    .....                    (no boots)
Stlth   +                        (no amulet)
HPRegen 0.24/turn                (no ring)
MPRegen 0.08/turn                (no ring)

@: confused, ambrosia-drunk
A: no striking features
a: no special abilities


You were on level 1 of the Dungeon.
You visited 1 branch of the dungeon, and saw 1 of its levels.

You collected 12 gold pieces.

Inventory:

Hand Weapons
 a - a +0 falchion
 f - a +0 hand axe
 g - a +0 long sword
 i - a +5 dagger (weapon)
Missiles
 e - 2 javelins (quivered)
Armour
 b - a +0 robe (worn)
Magical Staves
 d - a staff of cold


   Skills:
 + Level 3.1 Fighting
 + Level 3.3 Long Blades
 + Level 3.2 Dodging
 + Level 2.1 Stealth


You had one spell level left.
You didn't know any spells.
Your spell library was empty.

Dungeon Overview and Level Annotations

Branches:
Dungeon (1/15)

Altars:


Message History

The frilled lizard hisses angrily.
The kobold hits you with a +5 dagger!
You hit the kobold but do no damage. The bat misses you.
The kobold closely misses you. The frilled lizard closely misses you.
The kobold hits you with a +5 dagger.
You hit the kobold.
You kill the kobold!
The bat hits you but does no damage. The frilled lizard barely misses you.
You hit the bat.
You kill the bat!
The frilled lizard barely misses you. The frilled lizard misses you.
Things that are here:
a +5 dagger; a bat corpse; a kobold corpse You see here 5 gold pieces.
You closely miss the frilled lizard. The frilled lizard barely misses you.
You barely miss the frilled lizard. The frilled lizard bites you.
You closely miss the frilled lizard. The frilled lizard bites you.
You closely miss the frilled lizard.
The frilled lizard closely misses you. x2
You miss the frilled lizard. The frilled lizard barely misses you.
You slash the frilled lizard!
You kill the frilled lizard!
A kobold comes into view. It is wielding a +0 arbalest.
Things that are here:
a +5 dagger; a bat corpse; a kobold corpse
i - a +5 dagger
i - a +5 dagger (weapon)
The kobold shouts!
The kobold shoots a bolt.
The bolt closely misses you.
As you read the scroll labelled VAUMOC PUFFA, it crumbles to dust.
The creatures around you are filled with an inner flame!
It was a scroll of immolation.
The kobold shoots a bolt.
The bolt hits you but does no damage.
The kobold shoots a bolt.
The bolt hits you!
Ouch! That really hurt!
* * * LOW HITPOINT WARNING * * *
You see here 5 gold pieces.
You are confused.
You feel invigorated.
The kobold shoots a bolt.
The bolt hits you!
You die...

#.# ....~ ##.# #
.... #... #.## ...
#.## ...######.#
#.# #........# #.#
#K......# ####†##
#.......# #......
#...@†..# #......
##......# #.....#
#......# #....##
###..#.### #....##
#..#...# #.....#
#..###.#####......
#..# #....##......
#.## ####.##).....
#.........


You could see a kobold (inner flame).

Vanquished Creatures
  A giant cockroach (D:1)
  2 goblins (D:1)
  A hobgoblin (D:1)
  2 kobolds (D:1)
  3 bats (D:1)
  3 frilled lizards (D:1)
  3 rats (D:1)
15 creatures vanquished.

Notes
Turn   | Place    | Note
-------+----------+-------------------------------------------
     0 | D:1      | Mickster the Human Monk began the quest for the Orb.
     0 | D:1      | Reached XP level 1. HP: 18/18 MP: 1/1
    75 | D:1      | Reached XP level 2. HP: 18/24 MP: 2/2
   256 | D:1      | Shot with a bolt by a kobold

Illustrated notes

Levels and vault maps discovered:
D:1:      scummos_arrival_simple_crosswalls, layout_rooms, serial_rivers,
          chequers_serial_rivers_large_b, chequers_serial_rivers_small_a,
          chequers_serial_rivers_large_a, chequers_serial_rivers_small_3,
          chequers_serial_rivers_micro_b

Action                     || total
---------------------------++-------
  Melee: Falchion          ||    36
    Use: Potion            ||     2
         Scroll            ||     1
 Armour: Robe              ||     6
  Dodge: Dodged            ||    34

Table legend: (Time is in decaauts)
 A = Elapsed time spent in this place.
 B = Non-inter-level travel time spent in this place.
 C = Inter-level travel time spent in this place.
 D = Time resting spent in this place.
 E = Time spent auto-exploring this place.
 F = Levels seen in this place.
 G = Mean time per level.
                   A        B        C        D        E       F      G
               +--------+--------+--------+--------+--------+-----+--------+
         Total |    266 |    266 |      0 |     43 |      0 |   1 |  266.0 |
       Dungeon |    266 |    266 |      0 |     43 |      0 |   1 |  266.0 |
               +--------+--------+--------+--------+--------+-----+--------+

Top non-repeatable levels by time:
     D:1: 266 daAuts
